 Dungeon Crawl Stone Soup version 0.23.2 (webtiles) character file.

Game seed: 7410729871596088386

7 Borgoz the Sneak (level 2, 0/25 HPs)
             Began as a Ghoul Assassin on Apr 4, 2019.
             Slain by a gnoll
             ... wielding a +0 halberd
              (5 damage)
             ... on level 1 of the Dungeon.
             The game lasted 00:01:09 (253 turns).

Borgoz the Sneak (Ghoul Assassin)                    Turns: 253, Time: 00:01:10

Health: 0/25       AC:  3    Str: 14    XL:     2   Next: 4%
Magic:  1/1        EV: 11    Int:  6    God:
Gold:   34         SH:  0    Dex: 10    Spells: 1/1 levels left

rFire    . . .     SeeInvis .   b - +0 blowgun
rCold    + . .     Gourm    .   (no shield)
rNeg     + + +     Faith    .   c - +0 robe
rPois    ∞         Spirit   .   (no helmet)
rElec    .         Reflect  .   d - +0 cloak
rCorr    .         Harm     .   (no gloves)
MR       .....                  (no boots)
Stlth    ++........             (no amulet)
HPRegen  0.00/turn              (no ring)
MPRegen  0.07/turn              (no ring)

@: rotting
A: rotting body, claws 1, carnivore, cold resistance 1, negative energy
resistance 3, inhibited regeneration, torment resistance, unbreathing
a: no special abilities


You were on level 1 of the Dungeon.
You were not hungry.

You visited 1 branch of the dungeon, and saw 1 of its levels.

You collected 34 gold pieces.

Inventory:

Hand Weapons
 a - a +2 dagger
 b - a +0 blowgun (weapon)
Missiles
 e - 6 poisoned needles (quivered)
 f - 2 curare-tipped needles
Armour
 c - a +0 robe (worn)
 d - a +0 cloak (worn)
Scrolls
 j - a scroll of identify {unknown}
 k - a scroll of fear {unknown}
Potions
 i - 2 potions of magic {unknown}
Comestibles
 g - 2 rations


   Skills:
 + Level 2.3 Fighting
 + Level 1.9 Short Blades
 - Level 1.7 Throwing
 * Level 0.5 Armour
 - Level 1.0 Dodging
 + Level 4.5 Stealth


You had one spell level left.
You didn't know any spells.
Your spell library was empty.

Dungeon Overview and Level Annotations

Branches:
Dungeon (1/15)

Altars:


Innate Abilities, Weirdness & Mutations

Your body is rotting away.
You thrive on raw meat.
You are immune to poison.
You have sharp fingernails.
You are carnivorous and can eat meat at any time.
Your flesh is cold resistant. (rC+)
You are immune to negative energy. (rN+++)
You do not regenerate when monsters are visible.
You are immune to unholy pain and torment.
You can survive without breathing.


Message History

Firing (i - inventory. (/) - cycle)
e - 8 poisoned needles (quivered)
Press: ? - help, Shift-Dir - straight line, f - gnoll
Aim: a gnoll, wielding a +0 halberd You shoot a poisoned needle.
The poisoned needle hits the gnoll.
The gnoll is poisoned.
The gnoll closely misses you.
There is an open door here.
The gnoll looks more healthy.
All of the chunks of flesh in your inventory have rotted away.
There is an open door here.
You close the door.
A gnoll opens the door.
You close the door.
A gnoll opens the door.
Firing (i - inventory. (/) - cycle)
e - 7 poisoned needles (quivered)
Press: ? - help, Shift-Dir - straight line, f/p - gnoll
Aim: a gnoll, wielding a +0 halberd (heavily wounded)
You shoot a poisoned needle. The poisoned needle hits the gnoll.
The gnoll is poisoned.
The gnoll is heavily wounded.
The gnoll hits you from afar with a +0 halberd.
You die...

#.##########
#..........#
..######..#######.#
..............# #.#
.######...###.###.##
#.....##......#
##...#######..######
##..#######.......#
#...g.@......###.#
#.#########..###.#
##'## #...##.# #####
##...## ##..##.# ....#
##.....## ##.#.#.#
#.#.# ##.......##
##.###..#
....###.........####.##
##.####.#
..(...'.........+...##
##......
....###.........####.##
##.####.#


You could see a gnoll.

Vanquished Creatures
  A giant cockroach (D:1)
  A goblin (D:1)
  A hobgoblin (D:1)
  A bat (D:1)
  A frilled lizard (D:1)
  A kobold (D:1)
  2 rats (D:1)
8 creatures vanquished.

Notes
Turn   | Place    | Note
-------+----------+-------------------------------------------
     0 | D:1      | Borgoz the Ghoul Assassin began the quest for the Orb.
     0 | D:1      | Reached XP level 1. HP: 17/17 MP: 0/0
    16 | D:1      | Reached skill level 1 in Dodging
   140 | D:1      | Reached XP level 2. HP: 19/25 MP: 1/1
   253 | D:1      | Slain by a gnoll

Skill      XL: |  1 |
---------------+----+-----
Dodging        | 1 |  1.0
Fighting       | |  2.3
Short Blades   | |  1.9
Throwing       | |  1.7
Armour         | |  0.5
Stealth        | |  4.5

Action                   || total
-------------------------++-------
Melee: Dagger            ||    24
 Fire: Blowgun           ||     2
 Stab: Sleeping          ||     2
Armor: Robe              ||    10
Dodge: Dodged            ||    10
